 Dungeon Crawl Stone Soup version 0.30-a0-782-ge64f9170bb (webtiles) character file.

Game seed: 10686891032855983443

54 PLAYERX the Ruffian (level 3, -1/31 HPs)
             Began as a Gnoll Wanderer on Feb 18, 2023.
             Killed from afar by an orc wizard (10 damage)
             ... with a puff of flame
             ... on level 3 of the Dungeon.
             The game lasted 00:07:44 (1816 turns).

PLAYERX the Ruffian (Gnoll Wanderer)                Turns: 1816, Time: 00:07:45

Health: -1/31      AC:  8    Str: 14    XL:     3   Next: 91%
Magic:  0/7        EV: 12    Int: 11    God:
Gold:   116        SH:  0    Dex: 10    Spells: 7/7 levels left

rFire   . . .      SeeInvis .    a - +0 trident
rCold   . . .      Faith    .    (no shield)
rNeg    . . .      Spirit   +    e - +0 leather armour
rPois   .          Reflect  .    (no helmet)
rElec   .          Harm     .    (no cloak)
rCorr   .          Rampage  .    (no gloves)
Will    .....                    c - +0 pair of boots
Stlth   +                        o - amulet of guardian spirit
HPRegen 0.25/turn                g - +4 ring of protection
MPRegen 0.10/turn                (no ring)

@: no status effects
A: fangs 1, strong nose, distributed training
a: no special abilities


You were on level 3 of the Dungeon.
You visited 1 branch of the dungeon, and saw 3 of its levels.

You collected 116 gold pieces.

Inventory:

Hand Weapons
 a - a +0 trident (weapon)
Armour
 c - a +0 pair of boots (worn)
 e - a +0 leather armour (worn)
Jewellery
 g - a +4 ring of protection (left hand)
 o - an amulet of guardian spirit (around neck)
Scrolls
 d - a scroll of fear
 f - a scroll of blinking
 h - 4 scrolls of identify {unknown}
 i - a scroll of immolation {unknown}
 j - a scroll of torment {unknown}
 k - a scroll of vulnerability {unknown}
 p - a scroll of poison {unknown}
Potions
 b - a potion of haste
 l - a potion of mutation {unknown}
 m - a potion of flight {unknown}
 n - a potion of invisibility {unknown}


   Skills:
 + Level 4.6 Fighting
 + Level 1.0 Short Blades
 + Level 1.0 Long Blades
 + Level 1.0 Axes
 + Level 1.0 Maces & Flails
 + Level 1.0 Polearms
 + Level 1.0 Staves
 + Level 1.0 Ranged Weapons
 + Level 2.7 Throwing
 + Level 1.0 Armour
 + Level 4.6 Dodging
 + Level 1.0 Stealth
 + Level 1.0 Shields
 + Level 6.5 Unarmed Combat
 + Level 2.9 Spellcasting
 + Level 2.2 Conjurations
 + Level 0.7 Hexes
 + Level 0.7 Summonings
 + Level 0.7 Necromancy
 + Level 0.7 Translocations
 + Level 0.7 Transmutations
 + Level 0.7 Fire Magic
 + Level 0.7 Ice Magic
 + Level 0.7 Air Magic
 + Level 0.7 Earth Magic
 + Level 0.7 Poison Magic
 + Level 1.1 Invocations
 + Level 1.0 Evocations


You had 7 spell levels left.
You didn't know any spells.
Your spell library contained the following spells:

 Spells                   Type           Power      Damage    Failure   Level
 Searing Ray              Conj           12%        2d4       21%         2
 Static Discharge         Conj/Air       8%         2-3/arc   26%         2
 Ozocubu's Armour         Ice            3%         N/A       58%         3
 Metabolic Englaciation   Hex/Ice        1%         N/A       100%        5
 Simulacrum               Ice/Necr       1%         N/A       100%        6


Dungeon Overview and Level Annotations

Branches:
Dungeon (3/15)

Altars:

Shops:
D:2 =


Innate Abilities, Weirdness & Mutations

You have very sharp teeth.
Your uncanny sense of smell can sniff out nearby items.
Your experience applies equally to all skills.


Message History

You bump into the stone wall.
Something hits you but does no damage.
You're too confused to move!
You feel less confused.
You hear some strange, mumbled words.
Something tries to affect you, but you resist.
You barely miss something.
You hear some strange, mumbled words.
A magic dart appears from out of thin air!
The magic dart hits you.
You miss something. Something hits you.
You hit something.
You hear some strange, mumbled words.
A puff of flame appears from out of thin air!
The puff of flame hits you!
You barely miss something. Your bite misses something. Something hits you.
* * * LOW HITPOINT WARNING * * *
You miss something. Your punch misses something. Your bite misses something.
Something hits you but does no damage.
You hear some strange, mumbled words.
You are confused.
You miss something. Your bite misses something.
Something hits you but does no damage.
You're too confused to move!
Something hits you but does no damage. Something hits you but does no damage.
Things that are here:
a +0 mace; a +0 scale mail You barely miss something.
You hear some strange, mumbled words.
A magic dart appears from out of thin air!
The magic dart hits you but does no damage.
You feel less confused.
You hear some strange, mumbled words.
A puff of flame appears from out of thin air!
The puff of flame hits you.
* * * LOW HITPOINT WARNING * * *
You miss something.
You hear some strange, mumbled words.
A puff of flame appears from out of thin air!
The puff of flame hits you!
You die...

###... ..... ###+.[.#
##..##### ##...#####
#..##'...###
##.##.......#
#..#){.###...#
#.##.@## ..# #.#...# .
.## #.#..## #..##
#.#.. #...## #.#..
#....# #.##. ##....#
#.### ###.....##
#...########........##
###..................†


There were no monsters in sight!

Vanquished Creatures
  2 adders
  A worm (D:2)
  A dart slug (D:2)
  2 orcs (D:3)
  6 ball pythons
  2 endoplasms
  A goblin (D:1)
  2 hobgoblins (D:1)
  5 kobolds
  A quokka (D:3)
  5 bats
  2 frilled lizards
30 creatures vanquished.

Notes
Turn   | Place    | Note
-------+----------+-------------------------------------------
     0 | D:1      | PLAYERX the Gnoll Wanderer began the quest for the Orb.
     0 | D:1      | PLAYERX set off with the following items: a +0 club, a
                  | potion of haste, a +0 pair of boots, a scroll of fear, a +0
                  | leather armour, a scroll of blinking; and the following
                  | spells available to memorise: Searing Ray, Static
                  | Discharge.
     0 | D:1      | Reached XP level 1. HP: 20/20 MP: 4/4
   167 | D:1      | Found a faded altar of an unknown god.
   425 | D:1      | Reached XP level 2. HP: 9/26 MP: 5/5
   822 | D:2      | Found Sisuelis's Jewellery Boutique.
   857 | D:2      | Reached XP level 3. HP: 6/31 MP: 7/7
  1267 | D:2      | Reached skill level 1 in Invocations
  1635 | D:3      | Reached skill level 1 in Short Blades
  1635 | D:3      | Reached skill level 1 in Long Blades
  1635 | D:3      | Reached skill level 1 in Axes
  1635 | D:3      | Reached skill level 1 in Maces & Flails
  1635 | D:3      | Reached skill level 1 in Polearms
  1635 | D:3      | Reached skill level 1 in Staves
  1635 | D:3      | Reached skill level 1 in Ranged Weapons
  1635 | D:3      | Reached skill level 1 in Armour
  1635 | D:3      | Reached skill level 1 in Stealth
  1635 | D:3      | Reached skill level 1 in Shields
  1635 | D:3      | Reached skill level 1 in Evocations
  1816 | D:3      | Killed from afar by an orc wizard

Illustrated notes

Levels and vault maps discovered:
D:1:      kennysheep_arrival_forest, layout_loops_cross,
          hellmonk_ecumenical_altar_heavens_door
D:2:      layout_basic, serial_shops, nicolae_shop_statue_plus
D:3:      gammafunk_wand_slinger, layout_rooms, mainiacjoe_overflow_chevrons,
          mainiacjoe_overflow_two_lobes, chequers_serial_rivers_large_a,
          amethyst_killhole, chequers_serial_rivers_micro_e

Skill      XL: |  1  2  3 |
---------------+----------+-----
Conjurations   | 2 |  2.2
Invocations    | 1 |  1.1
Short Blades   | 1 |  1.0
Long Blades    | 1 |  1.0
Axes           | 1 |  1.0
Maces & Flails | 1 |  1.0
Polearms       | 1 |  1.0
Staves         | 1 |  1.0
Ranged Weapons | 1 |  1.0
Armour         | 1 |  1.0
Stealth        | 1 |  1.0
Shields        | 1 |  1.0
Evocations     | 1 |  1.0
Fighting       | |  4.6
Throwing       | |  2.7
Dodging        | |  4.6
Unarmed Combat | |  6.5
Spellcasting   | |  2.9
Hexes          | |  0.7
Summonings     | |  0.7
Necromancy     | |  0.7
Translocations | |  0.7
Transmutations | |  0.7
Fire Magic     | |  0.7
Ice Magic      | |  0.7
Air Magic      | |  0.7
Earth Magic    | |  0.7
Poison Magic   | |  0.7

Action                     || total
---------------------------++-------
  Melee: Club              ||   131
         Bite              ||    17
         Punch             ||     2
         Trident           ||    54
 Armour: Leather armour    ||   110
  Dodge: Dodged            ||   176

Table legend: (Time is in decaauts)
 A = Elapsed time spent in this place.
 B = Non-inter-level travel time spent in this place.
 C = Inter-level travel time spent in this place.
 D = Time resting spent in this place.
 E = Time spent auto-exploring this place.
 F = Levels seen in this place.
 G = Mean time per level.
                   A        B        C        D        E       F      G
               +--------+--------+--------+--------+--------+-----+--------+
         Total |   1872 |   1872 |      0 |    242 |    983 |   3 |  624.0 |
       Dungeon |   1872 |   1872 |      0 |    242 |    983 |   3 |  624.0 |
               +--------+--------+--------+--------+--------+-----+--------+

Top non-repeatable levels by time:
     D:2: 837 daAuts
     D:1: 825 daAuts
     D:3: 210 daAuts
